 Dungeon Crawl Stone Soup version 0.28.0-45-g0d030f2227 (webtiles) character file.

Game seed: 2208001147030342249

96660 protoss039 the Eclecticist (level 16, 0/107 HPs)
             Began as a Gargoyle Earth Elementalist on May 5, 2022.
             Was the Champion of Vehumet.
             Killed by divine providence
             ... invoked by Saint Roka
              (16 damage)
             ... on level 1 of the Orcish Mines.
             The game lasted 01:37:18 (33380 turns).

protoss039 the Eclecticist (GrEE)                  Turns: 33380, Time: 01:37:19

Health: 0/107      AC: 25    Str: 13    XL:     16   Next: 17%
Magic:  2/35       EV: 11    Int: 23    God:    Vehumet [******]
Gold:   981        SH:  0    Dex: 10    Spells: 17/46 levels left

rFire   + . .      SeeInvis .   z - +3 dire flail (vorpal)
rCold   + . .      Faith    .   (shield currently unavailable)
rNeg    + . .      Spirit   .   E - +2 robe {Will+}
rPois   ∞          Reflect  .   x - +0 helmet
rElec   +          Harm     .   y - scarf {rC+ rF+}
rCorr   .          Rampage  .   n - +0 pair of gloves
Will    ++...                   M - +0 pair of boots
Stlth   ++........              o - amulet of the acrobat
HPRegen 0.27/turn               R - +4 ring of protection
MPRegen 0.24/turn               t - ring of wizardry

@: marked, flying, hasted, very quick
A: sickness immunity, AC +12, big wings, negative energy resistance 1,
electricity resistance, torment resistance 1, petrification resistance
a: Renounce Religion


You were on level 1 of the Orcish Mines.
You worshipped Vehumet.
Vehumet was exalted by your worship.
You visited 3 branches of the dungeon, and saw 23 of its levels.
You also visited: Volcano.

You collected 2220 gold pieces.
You spent 1239 gold pieces at shops.

Inventory:

Hand Weapons
 z - a +3 vorpal dire flail (weapon)
 V - the +9 rapier of Dust {drain, *Rage rN+ Will++ Int-4}
   (You found it on level 6 of the Lair of Beasts)

   A truly terrible weapon, it drains the life of any living foe it strikes.
   Int:       It affects your intelligence (-4).
   rN:        It protects you from negative energy.
   *Rage:     It berserks you when you make melee attacks (+20% chance).
   Will:      It greatly increases your willpower.
Missiles
 c - 304 stones
 G - 6 throwing nets
Armour
 n - a +0 pair of gloves (worn)
 x - a +0 helmet (worn)
 y - a scarf of resistance (worn)
 B - the +1 chain mail "Keozegin" {rC++}
   (You found it on level 6 of the Lair of Beasts)

   rC:        It greatly protects you from cold.
 E - a +2 robe of willpower (worn)
 M - a +0 pair of boots (worn)
Magical Staves
 O - a staff of earth
Jewellery
 b - a ring of see invisible
 o - an amulet of the acrobat (around neck)
 s - a ring of resist corrosion
 t - a ring of wizardry (right hand)
 N - a ring of fire
 R - a +4 ring of protection (left hand)
Wands
 f - a wand of iceblast (11)
 A - a wand of flame (40)
 D - a wand of mindburst (12)
 I - a wand of charming (7)
 T - a wand of polymorph (20)
 X - a wand of digging (9)
Scrolls
 a - 3 scrolls of enchant armour
 l - a scroll of summoning {unknown}
 v - 2 scrolls of amnesia
 w - 3 scrolls of holy word
 F - a scroll of immolation
 U - a scroll of fear
 Y - a scroll of fog {unknown}
Potions
 d - 3 potions of ambrosia
 e - 4 potions of brilliance
 m - 3 potions of lignification {unknown}
 q - 2 potions of resistance
 r - 5 potions of might {unknown}
 u - 3 potions of berserk rage {unknown}
 K - a potion of attraction {unknown}
 P - 3 potions of mutation {unknown}
 Q - 3 potions of invisibility {unknown}
 S - a potion of cancellation {unknown}
 Z - 2 potions of magic {unknown}
Miscellaneous
 p - a condenser vane (inert)


   Skills:
 * Level 14.7 Fighting
 - Level 12.0 Armour
 - Level 1.5 Dodging
 - Level 2.1 Stealth
 + Level 15.5 Spellcasting
 + Level 12.6 Conjurations
 - Level 3.0 Transmutations
 + Level 12.7 Earth Magic


You had 17 spell levels left.
You knew the following spells:

 Your Spells              Type           Power      Damage    Failure   Level
a - Sandblast             Erth           100%       2d20      0%          1
b - Passwall              Tmut/Erth      43%        N/A       1%          2
c - Stone Arrow           Conj/Erth      100%       3d13      1%          3
d - Mephitic Cloud        Conj/Pois/Air  37%        N/A       1%          3
e - Iskenderun's Mystic   Conj/Tloc      46%        2d10      1%          4
f - Irradiate             Conj/Tmut      26%        3d22      1%          5
h - Freezing Cloud        Conj/Ice/Air   18%        6-21      1%          5
j - Iron Shot             Conj/Erth      33%        9d7       1%          6

Your spell library contained the following spells:

 Spells                   Type           Power      Damage    Failure   Level
 Lee's Rapid Deconstruct  Erth           33%        3d18*     1%          5
 Magic Dart               Conj           100%       1d8       0%          1
 Pain                     Necr           68%        1d7       1%          1
 Corpse Rot               Necr/Air       34%        N/A       1%          2
 Ensorcelled Hibernation  Hex/Ice        34%        N/A       1%          2
 Searing Ray              Conj           100%       2d8       1%          2
 Ignite Poison            Fire/Tmut/Pois 22%        N/A       1%          3
 Fulminant Prism          Conj/Hex       23%        3d13      1%          4
 Leda's Liquefaction      Hex/Erth       23%        N/A       1%          4
 Petrify                  Tmut/Erth      52%        N/A       1%          4
 Spider Form              Tmut/Pois      24%        N/A       2%          3
 Call Canine Familiar     Summ           17%        N/A       4%          3
 Gell's Gravitas          Tloc           17%        N/A       4%          3
 Lesser Beckoning         Tloc           17%        N/A       4%          3
 Portal Projectile        Hex/Tloc       34%        N/A       4%          3
 Teleport Other           Tloc           17%        N/A       4%          3
 Anguish                  Hex/Necr       8%         N/A       13%         4
 Dispel Undead            Necr           17%        3d10      13%         4
 Agony                    Necr           17%        N/A       32%         5
 Excruciating Wounds      Necr           8%         N/A       32%         5
 Death Channel            Necr           8%         N/A       86%         6
 Sublimation of Blood     Necr           Unusable   N/A       N/A         2

Dungeon Overview and Level Annotations

Branches:
Dungeon (15/15)            Temple (0/1) D:5            Lair (6/6) D:9
 Shoals (0/4) Lair:3        Snake (0/4) Lair:3        Slime (0/5) Lair:5
    Orc (2/2) D:11            Elf (0/3) Orc:2        Vaults (0/5) D:13
Volcano (visited)
 Depths: D:15

Altars:
Ashenzari
Cheibriados
Hepliaklqana
Kikubaaqudgha
Ru
Vehumet
Wu Jian
Beogh

Shops:
D:2 (!=(?   D:3 (   D:4 :   D:8 *   D:11 (   Orc:1 !:

Annotations:
D:5 3 runed translucent doors, Seraphu's ghost, novice HOFi
D:15 Agnes
Lair:3 Rupert
Lair:6 2 runed translucent doors, Uceozxag's ghost, journeyman DsGl
Orc:1 Saint Roka


Innate Abilities, Weirdness & Mutations

You are immune to sickness and miasma.
Your stone body is resilient. (AC +12)
You are immune to poison.
Your large and strong wings let you fly.
You resist negative energy. (rN+)
You are resistant to electric shocks. (rElec)
You are resistant to unholy torment.
You are immune to petrification.


Message History

* * * LOW HITPOINT WARNING * * *
Unknown command.
Unknown command.
Unknown command.
Unknown command.
Saint Roka is engulfed in noxious fumes.
Saint Roka mumbles some strange prayers to Beogh against you.
Beogh smites you!
* * * LOW HITPOINT WARNING * * *
Unknown command.
Unknown command.
Saint Roka is engulfed in noxious fumes.
You see here a +0 falchion.
Okay, then.
Okay, then.
Okay, then.
Okay, then.
You feel better.
Okay, then.
Clouds of poison gas condense around you!
The condenser dries out!
Saint Roka is engulfed in poison gas.
Saint Roka is poisoned.
Unknown command.
Unknown command.
Unknown command.
Press: ? - help, v - describe, . - travel
Here: Saint Roka, wielding a +3 war axe of flaming and wearing a +1 plate armour of positive energy (poison gas, heavily wounded, poisoned)
The floor.
Okay, then.
Casting: Mephitic Cloud (safe; 1% risk of failure)
Confirm with . or Enter, or press ? or * to list all spells.
Aiming: Passwall (safe; 1% risk of failure)
Press: ? - help, Dir - move target, p - Saint Roka A rock wall.
You begin to meditate on the wall.
You continue meditating on the rock.
Saint Roka is engulfed in poison gas.
Saint Roka looks even sicker.
You continue meditating on the rock. x2
Saint Roka invokes the aid of Beogh against you.
Beogh smites you!
You die...

)§.#########.....#.........#.)...
[...## ###......#.......###.#...
...>.# #.......###...).## ###...
.<..## ##.#....####§§...####....
...## #######....#.§§§o...##.....
..## ##..###.......§#......#.[.##
..# #....###.....o.#.##.....>.#
.######.### ###.....####.##...##
###.#....[#####.@.### ####.###
##..)..#.[.>.###.## #..#
#....)###..[.# ##.# ##.#
#......###...###### ###
......###.......#
#.#..####.....#####
###.........#.# #.#
#.........######.##
##..#.(....###.#..#


You could see Saint Roka (very poisoned).

Vanquished Creatures
  An orc warlord (Orc:1)
  Josephine (D:12)
  The ghost of zielscheibe the Blocker, a journeyman VSFi of Ashenzari (Lair:5)
  2 fire dragons
  4 boulder beetles
  13 hydras
  Erolcha (Orc:2)
  A catoblepas (D:14)
  2 dancing weapons (D:13)
  6 two-headed ogres
  2 centaur warriors
  4 death yaks
  2 orc high priests
  Sonja (Orc:1)
  5 skeletal warriors
  9 hell knights (D:11)
  A deep troll (Orc:1)
  2 lindwurms
  A wizard (D:14)
  A deep elf pyromancer (D:12)
  A necromancer (D:11)
  11 orc knights
  Pikel (D:6)
  3 oklob plants (Lair:3)
  An ugly thing (D:11)
  6 orc sorcerers
  18 elephants
  A cyclops (D:11)
  Maurice (Orc:1)
  11 black mambas
  2 molten gargoyles (Lair:6)
  A torpor snail (Lair:2)
  Maggie (D:8)
  2 gargoyles (D:12)
  9 cane toads
  Psyche (D:8)
  2 unseen horrors
  2 rime drakes
  2 kobold demonologists (D:12)
  8 komodo dragons
  10 trolls
  4 polar bears
  2 hornets
  19 blink frogs
  3 slime creatures (Lair:5)
  A meliai zombie (D:10)
  17 dream sheep
  A shadow (D:11)
  9 wyverns
  9 fire bats (Volcano)
  7 wraiths
  38 yaks
  3 basilisks (Lair:6)
  3 steam dragons
  A warg (Orc:2)
  Edmund (D:5)
  12 hell hounds
  An acid dragon (D:12)
  An acid dragon (shapeshifter) (D:13)
  A floating eye (Lair:3)
  27 water moccasins
  25 orc warriors
  9 ogres
  A sky beast (D:8)
  2 black bears
  11 wolves
  11 centaurs
  A phantom (D:5)
  4 lemures
  3 kobold brigands
  Blork the orc (Orc:2)
  8 bullfrogs
  4 gnoll sergeants
  A scorpion (D:3)
  A water moccasin zombie (D:5)
  3 killer bees (D:10)
  11 electric eels
  A hound (D:2)
  11 lava snakes
  3 centaur zombies
  A jelly (Lair:5)
  A bullfrog skeleton (D:5)
  2 gnoll shamans
  17 orc priests
  A centaur skeleton (D:7)
  4 iguanas
  16 orc wizards
  28 gnolls
  9 adders
  A shadow imp (D:5)
  A white imp (D:5)
  A worm (shapeshifter) (D:13)
  A dart slug (D:4)
  39 orcs
  7 bats
  6 endoplasms
  3 giant cockroaches
  6 goblins
  8 hobgoblins
  4 jackals (D:4)
  10 kobolds
  4 quokkas
  6 ball pythons
  4 frilled lizards
  7 rats
  A spectral goblin (D:6)
613 creatures vanquished.

Vanquished Creatures (others)
  A bullfrog (D:8)
  40 fungi
  151 plants
192 creatures vanquished.

Grand Total: 805 creatures vanquished

Notes
Turn   | Place    | Note
-------+----------+-------------------------------------------
     0 | D:1      | protoss039 the Gargoyle Earth Elementalist began the quest
                  | for the Orb.
     0 | D:1      | Reached XP level 1. HP: 10/10 MP: 3/3
    47 | D:1      | Reached skill level 1 in Transmutations
    77 | D:1      | Reached XP level 2. HP: 12/15 MP: 3/5
   852 | D:1      | Found a faded altar of an unknown god.
  1030 | D:2      | Found Dabbaveo's Distillery.
  1036 | D:2      | Bought a potion of curing for 30 gold pieces
  1324 | D:2      | Reached XP level 3. HP: 10/19 MP: 3/6
  1532 | D:2      | Learned a level 2 spell: Passwall
  1536 | D:2      | Learned a level 3 spell: Stone Arrow
  1686 | D:2      | Found Mibuanke's Weapon Shoppe.
  1791 | D:2      | Found Mevoimos's Jewellery Shop.
  1797 | D:2      | Reached skill level 3 in Spellcasting
  1797 | D:2      | Reached skill level 5 in Earth Magic
  1797 | D:2      | Reached XP level 4. HP: 23/24 MP: 3/8
  1986 | D:2      | Found Qyadae's Weapon Shop.
  2024 | D:2      | Found Oluf's Magic Scroll Boutique.
  2031 | D:2      | Bought a scroll of identify for 22 gold pieces
  2031 | D:2      | Bought a scroll of teleportation for 33 gold pieces
  2527 | D:3      | Noticed a scorpion
  2537 | D:3      | Killed a scorpion
  2538 | D:3      | Reached skill level 1 in Fighting
  2538 | D:3      | Reached skill level 1 in Conjurations
  2538 | D:3      | Reached XP level 5. HP: 14/29 MP: 2/10
  2882 | D:3      | Found Zirom's Weapon Shoppe.
  3310 | D:4      | Found Mavagem's Book Shop.
  3679 | D:4      | Found a radiant altar of Vehumet.
  3691 | D:4      | Became a worshipper of Vehumet
  3934 | D:4      | Found an ancient bone altar of Kikubaaqudgha.
  4112 | D:5      | Entered Level 5 of the Dungeon
  4115 | D:5      | Found a staircase to the Ecumenical Temple.
  4279 | D:5      | Reached XP level 6. HP: 36/36 MP: 6/11
  4418 | D:5      | Noticed Edmund
  4432 | D:5      | Killed Edmund
  4488 | D:5      | Reached skill level 4 in Spellcasting
  4534 | D:5      | Reached XP level 7. HP: 33/41 MP: 7/13
  4666 | D:5      | Noticed a troll
  4677 | D:5      | Killed a troll
  5020 | D:5      | Found a runed translucent gate.
  5021 | D:5      | Found a runed translucent gate.
  5023 | D:5      | Found a runed translucent gate.
  5043 | D:5      | Reached XP level 8. HP: 43/46 MP: 2/15
  5177 | D:5      | Noticed Seraphu's ghost (novice HOFi)
  5315 | D:5      | Noticed a two-headed ogre
  5365 | D:5      | Killed a two-headed ogre
  5366 | D:5      | Reached skill level 5 in Spellcasting
  5366 | D:5      | Reached skill level 5 in Conjurations
  5889 | D:6      | Reached * piety under Vehumet
  5889 | D:6      | Offered knowledge of Freeze by Vehumet.
  5894 | D:6      | Reached skill level 6 in Spellcasting
  5894 | D:6      | Reached XP level 9. HP: 50/50 MP: 1/18
  6504 | D:6      | Found a hazy altar of Hepliaklqana.
  6697 | D:7      | Noticed Pikel
  6834 | D:6      | Killed Pikel
  7473 | D:8      | Found a snail-covered altar of Cheibriados.
  7501 | D:8      | Reached skill level 5 in Fighting
  7501 | D:8      | Reached skill level 7 in Spellcasting
  7598 | D:8      | Noticed Psyche
  7674 | D:8      | Killed Psyche
  7675 | D:8      | Reached XP level 10. HP: 60/60 MP: 20/20
  7936 | D:8      | Found Edet's Neck Hole.
  7939 | D:8      | Reached ** piety under Vehumet
  7939 | D:8      | Offered knowledge of Shock by Vehumet.
  8182 | D:8      | Found a broken altar of Ashenzari.
  8272 | D:8      | Noticed Maggie
  8281 | D:8      | Killed Maggie
  8649 | D:9      | Reached skill level 8 in Spellcasting
  8802 | D:9      | Reached skill level 9 in Spellcasting
  9087 | D:9      | Found an ornate altar of the Wu Jian Council.
  9530 | D:9      | Found a staircase to the Lair.
  9777 | D:9      | Reached skill level 10 in Spellcasting
  9777 | D:9      | Reached XP level 11. HP: 45/64 MP: 5/25
 10079 | D:10     | Entered Level 10 of the Dungeon
 10326 | D:10     | Offered knowledge of Mephitic Cloud by Vehumet.
 10331 | D:10     | Learned a level 3 spell: Mephitic Cloud
 10475 | D:10     | Found a sacrificial altar of Ru.
 10971 | D:10     | Reached *** piety under Vehumet
 11330 | D:11     | Reached skill level 11 in Spellcasting
 11536 | D:11     | Noticed a cyclops
 11544 | D:11     | Killed a cyclops
 11668 | D:11     | Found Deunna Mottu's Antique Weapon Shop.
 11777 | D:11     | Found a staircase to the Orcish Mines.
 11815 | D:11     | Noticed a hell knight
 11821 | D:11     | Killed a hell knight
 12184 | D:11     | Noticed a hell knight
 12184 | D:11     | Noticed a hell knight
 12186 | D:11     | Noticed a necromancer
 12504 | D:11     | Noticed a hell knight
 12506 | D:11     | Killed a necromancer
 12509 | D:11     | Killed a hell knight
 12513 | D:11     | Killed a hell knight
 12536 | D:11     | Noticed a hell knight
 12536 | D:11     | Noticed a hell knight
 12539 | D:11     | Noticed a hell knight
 12540 | D:11     | Killed a hell knight
 12540 | D:11     | Killed a hell knight
 12541 | D:11     | Reached skill level 12 in Spellcasting
 12541 | D:11     | Reached XP level 12. HP: 76/76 MP: 26/28
 12545 | D:11     | Noticed a hell knight
 12545 | D:11     | Killed a hell knight
 12545 | D:11     | Offered knowledge of Conjure Flame by Vehumet.
 12549 | D:11     | Killed a hell knight
 12572 | D:11     | Killed a hell knight
 12578 | D:11     | Reached skill level 13 in Spellcasting
 12704 | D:11     | Noticed a hell knight
 12708 | D:11     | Killed a hell knight
 12809 | D:12     | Noticed a four-headed hydra
 12815 | D:12     | Killed a four-headed hydra
 12847 | D:12     | Noticed a boulder beetle
 12852 | D:12     | Noticed a boulder beetle
 12858 | D:12     | Noticed a two-headed ogre
 12859 | D:12     | Noticed a seven-headed hydra
 12861 | D:12     | Noticed a two-headed ogre
 13170 | D:12     | Killed a boulder beetle
 13193 | D:12     | Killed a two-headed ogre
 13205 | D:12     | Killed a two-headed ogre
 13357 | D:12     | Noticed a two-headed ogre
 13361 | D:12     | Killed a two-headed ogre
 13497 | D:12     | Killed a seven-headed hydra
 13498 | D:12     | Reached skill level 5 in Armour
 13534 | D:12     | Noticed a two-headed ogre
 13542 | D:12     | Killed a two-headed ogre
 13543 | D:12     | Reached skill level 10 in Fighting
 13598 | D:12     | Noticed Josephine
 13773 | D:12     | Noticed a two-headed ogre
 13778 | D:12     | Killed a two-headed ogre
 13779 | D:12     | Reached XP level 13. HP: 82/82 MP: 22/30
 13790 | D:12     | Killed Josephine
 14025 | D:12     | Reached **** piety under Vehumet
 14344 | D:12     | Reached skill level 10 in Earth Magic
 15059 | D:13     | Reached skill level 10 in Conjurations
 15211 | D:13     | Offered knowledge of Iskenderun's Mystic Blast by Vehumet.
 15347 | D:13     | Found a gate to the Vaults.
 17427 | D:14     | Learned a level 4 spell: Iskenderun's Mystic Blast
 17582 | D:15     | Entered Level 15 of the Dungeon
 17582 | D:15     | Noticed Agnes
 17692 | Lair:1   | Entered Level 1 of the Lair of Beasts
 18822 | Lair:1   | Learned a level 5 spell: Irradiate
 19003 | Lair:2   | Gained mutation: Your large and strong wings let you fly.
                  | [Gargoyle growth]
 19003 | Lair:2   | Reached XP level 14. HP: 85/91 MP: 28/31
 19544 | Lair:2   | Reached skill level 14 in Spellcasting
 20096 | Lair:3   | Found a staircase to the Snake Pit.
 20107 | Lair:3   | Reached ***** piety under Vehumet
 20107 | Lair:3   | Offered knowledge of Spellforged Servitor by Vehumet.
 20329 | Lair:3   | Found a dark tunnel.
 20335 | Volcano  | Entered a volcano
 21586 | Lair:3   | Found a staircase to the Shoals.
 21715 | Lair:3   | Paralysed by a floating eye for 2 turns
 23165 | D:8      | Bought a scarf of resistance for 384 gold pieces
 24196 | Lair:4   | Noticed Rupert
 25590 | Lair:5   | Reached skill level 10 in Armour
 25590 | Lair:5   | Reached XP level 15. HP: 97/97 MP: 24/33
 26393 | Lair:5   | Found a staircase to the Slime Pits.
 26474 | Lair:5   | Found a runed translucent door.
 26480 | Lair:5   | Noticed zielscheibe's ghost (journeyman VSFi)
 26778 | Lair:5   | Killed zielscheibe's ghost
 26906 | Lair:6   | Entered Level 6 of the Lair of Beasts
 26939 | Lair:6   | Offered knowledge of Iron Shot by Vehumet.
 26947 | Lair:6   | Learned a level 6 spell: Iron Shot
 26993 | Lair:6   | Reached skill level 15 in Spellcasting
 27847 | Lair:6   | Identified the +9 rapier of Dust {drain, *Rage rN+ Will++
                  | Int-4}
 27927 | Lair:6   | Found a large runed translucent door.
 27928 | Lair:6   | Found a large runed translucent door.
 27931 | Lair:6   | Noticed Uceozxag's ghost (journeyman DsGl)
 28334 | Lair:6   | Found a large runed translucent door.
 28334 | Lair:6   | Found a large runed translucent door.
 28918 | Lair:6   | Identified the +1 chain mail "Keozegin" {rC++}
 29428 | Orc:1    | Entered Level 1 of the Orcish Mines
 29467 | Orc:1    | Noticed Maurice
 29477 | Orc:1    | Killed Maurice
 29744 | Orc:1    | Noticed Sonja
 29748 | Orc:1    | Killed Sonja
 29866 | Orc:2    | Entered Level 2 of the Orcish Mines
 30120 | Orc:2    | Noticed Blork the orc
 30123 | Orc:2    | Killed Blork the orc
 30136 | Orc:2    | Noticed Erolcha
 30142 | Orc:2    | Killed Erolcha
 30454 | Orc:2    | Noticed an orc warlord
 31131 | Orc:1    | Found Ticsyef's Book Emporium.
 31133 | Orc:1    | Found Biyfihy's Distillery.
 31138 | Orc:1    | Bought a Trismegistus Codex for 364 gold pieces
 31149 | Orc:1    | Reached XP level 16. HP: 107/107 MP: 30/35
 31354 | Orc:1    | Bought a potion of degeneration for 14 gold pieces
 31354 | Orc:1    | Bought a potion of resistance for 140 gold pieces
 31354 | Orc:1    | Bought a potion of haste for 140 gold pieces
 31358 | Orc:1    | Bought a potion of curing for 42 gold pieces
 31358 | Orc:1    | Bought a potion of heal wounds for 70 gold pieces
 31592 | Orc:2    | Found a staircase to the Elven Halls.
 32202 | Orc:1    | Learned a level 5 spell: Freezing Cloud
 32220 | Orc:2    | Noticed Saint Roka
 33097 | Orc:2    | Offered knowledge of Lee's Rapid Deconstruction by Vehumet.
 33131 | Orc:1    | Reached ****** piety under Vehumet
 33361 | Orc:1    | HP: 5/107 [Saint Roka/divine providence (16)]
 33369 | Orc:1    | HP: 4/107 [Saint Roka/divine providence (13)]
 33380 | Orc:1    | Killed from afar by Saint Roka

Illustrated notes

Levels and vault maps discovered:
D:1:      minmay_arrival_up_and_down, layout_loops_ring,
          shapermc_ecumenical_altar_acropolis
D:2:      layout_loops_corners, serial_shops, shop, nicolae_shop_crystal, shop,
          nicolae_shop_advertising_works [nicolae_subvault_shop_adworks],
          nicolae_shop_bloodbath_and_beyond, minmay_puff
D:3:      layout_basic, serial_shops, shop, minmay_misc_feat_hallway
D:4:      layout_cave_pools, lemuel_tele_altar, kiku_gazebo_pond_becter,
          serial_shops, shop, corexii_shack, minmay_strange_pillars,
          dk_noncrumbling_3, kennysheep_cluttered_room
D:5:      layout_basic, minmay_temple_entry_large_hall, gammafunk_ghost_icy,
          uniq_edmund
D:6:      layout_cave_pools, nicolae_hepliaklqana_monster_ancestors,
          dk_rats_in_the_wall
D:7:      layout_cave_pools, uniq_pikel
D:8:      nicolae_whirlpool, layout_loops_ring, nicolae_ashenzari_panopticon,
          mainiacjoe_overflow_concentric_impassable,
          nicolae_shop_sticking_my_neck_out, uniq_psyche, uniq_maggie
D:9:      layout_big_octagon, pf_just_have_faith, lair_entry_dummy,
          fungi_pond_lemuel, nicolae_benzene_ring
D:10:     layout_basic, nicolae_overflow_hidden_temple, serial_bayou_pond_b,
          kennysheep_generic_room_9
D:11:     layout_rooms, orc_0_dummy, serial_shops, shop_fountains,
          minmay_rotating_lava
D:12:     kennysheep_ambush_hall, layout_cave_pools, uniq_josephine
D:13:     layout_cave_pools, erik_vaults_1
D:14:     layout_irregular_city, nrook_mini_backslash
D:15:     grunt_enter_depths_snipers, layout_cave_pods, uniq_agnes
Lair:1:   layout_regular_city
Lair:2:   layout_small_grid, cheibrodos_lair_lostbears, grunt_megastairs_3
Lair:3:   layout_loops_ring, minmay_shoals_entry_centaurs,
          minmay_snake_entry_six_corridors, enter_volcano_3, disabler_island
Lair:4:   layout_regular_city, serial_bayou, serial_bayou_shore_a,
          serial_bayou_pond_b, serial_bayou_lagoon_a, serial_bayou_lake_a,
          serial_bayou_pond_a, serial_bayou_crossing, uniq_rupert
Lair:5:   layout_misc_corridors, minmay_slime_entry_pillars,
          ebering_ghost_reflecting_pool
Lair:6:   cheibrodos_lair_end_hotspot, layout_regular_city,
          ebering_ghost_disaster_area, lemuel_fruit_fields
Orc:1:    layout_diamond_mine, guppyfry_orc_lava_fort, uniq_sonja, uniq_maurice
Orc:2:    grunt_orc_cross, layout_caves, uniq_erolcha

Skill      XL: |  1  2  3  4  5  6  7  8  9 10 11 12 13 14 15 |
---------------+----------------------------------------------+-----
Transmutations | 1 3 |  3.0
Earth Magic    | 4 5 6 7 8 9 10 12 | 12.7
Spellcasting   | 3 4 6 7 10 12 13 14 15 | 15.5
Fighting       | 1 2 3 5 6 9 10 11 12 14 | 14.7
Conjurations   | 1 2 4 6 7 9 10 12 | 12.6
Armour         | 3 5 8 10 12 | 12.0
Dodging        | |  1.5
Stealth        | |  2.1

Action                   |  1- 3 |  4- 6 |  7- 9 | 10-12 | 13-15 | 16-18 || total
-------------------------+-------+-------+-------+-------+-------+-------++-------
Melee: Short sword       |    60 |       |       |       |       |       ||    60
       Dagger            |    38 |   172 |       |     6 |   113 |       ||   329
       Punch             |       |     2 |       |       |     3 |       ||     5
       Dire flail        |       |     5 |    51 |    40 |    30 |    14 ||   140
       Staff             |       |       |       |       |     4 |     2 ||     6
 Cast: Sandblast         |    15 |    30 |    24 |    67 |   219 |    17 ||   372
       Passwall          |       |     2 |       |       |     7 |     6 ||    15
       Stone Arrow       |       |     4 |    66 |   160 |   558 |    60 ||   848
       Mephitic Cloud    |       |       |       |    26 |    98 |    22 ||   146
       Iskenderun's Myst |       |       |       |       |    23 |       ||    23
       Iron Shot         |       |       |       |       |     8 |    13 ||    21
       Irradiate         |       |       |       |       |     1 |       ||     1
       Freezing Cloud    |       |       |       |       |       |    13 ||    13
Evoke: Wand              |       |       |     8 |     2 |     8 |       ||    18
       Condenser vane    |       |       |       |       |       |     1 ||     1
  Use: Scroll            |       |     4 |     2 |     3 |    18 |     1 ||    28
       Potion            |       |       |       |     2 |     4 |    13 ||    19
 Stab: Sleeping          |     1 |     3 |     1 |     1 |       |       ||     6
       Confused          |       |       |       |       |     8 |     1 ||     9
Armor: Robe              |    31 |       |       |     7 |   292 |    18 ||   348
       Ring mail         |     8 |    50 |       |       |       |       ||    58
       Troll leather arm |       |       |    26 |     9 |       |       ||    35
       Skin              |       |       |     2 |       |       |       ||     2
       Steam dragon scal |       |       |       |    42 |       |       ||    42
Dodge: Dodged            |    85 |   102 |    83 |   153 |   433 |    22 ||   878
